 Dungeon Crawl Stone Soup version 0.31-a0-656-gb4d89c20fa (webtiles) character file.

Game seed: 15382294131882105730

238 Ekaitz the Gusty (level 6, -3/35 HPs)
             Began as a Tengu Air Elementalist on Aug 30, 2023.
             Slain by a river rat (7 damage)
             ... on level 3 of the Dungeon.
             The game lasted 00:04:54 (2825 turns).

Ekaitz the Gusty (Tengu Air Elementalist)           Turns: 2825, Time: 00:04:54

Health: -3/35      AC:  3    Str:  9    XL:     6   Next: 7%
Magic:  0/10       EV: 16    Int: 17    God:
Gold:   125        SH:  0    Dex: 14    Spells: 4/10 levels left

rFire   . . .        c - +0 short sword
rCold   . . .        (no shield)
rNeg    . . .        a - +0 robe
rPois   .            (helmet restricted)
rElec   .            m - +0 cloak
rCorr   .            (no gloves)
SInv    .            (boots unavailable)
Will    .....        (no amulet)
Stlth   ++           (no ring)
HPRegen 0.25/turn    (no ring)
MPRegen 0.12/turn

%: no passive effects
@: no status effects
A: beak, talons 3, nimble 1
a: no special abilities


You were on level 3 of the Dungeon.
You visited 1 branch of the dungeon, and saw 3 of its levels.

You collected 125 gold pieces.

Inventory:

Hand Weapons
 c - a +0 short sword (weapon)
Armour
 a - a +0 robe (worn)
 d - a +0 buckler
 m - a +0 cloak (worn)
 q - the +0 mask of the Dragon {Will+ Slay+3 SInv}
   (You found it on level 3 of the Dungeon)

   Slay+3:    It affects your accuracy & damage with ranged weapons and melee
   (+3).
   Will+:     It increases your willpower.
   SInv:      It lets you see invisible.
Scrolls
 h - a scroll of identify {unknown}
 i - a scroll of revelation {unknown}
 j - a scroll of noise {unknown}
 k - a scroll of enchant armour {unknown}
 l - a scroll of fear {unknown}
 n - 2 scrolls of teleportation {unknown}
 o - a scroll of immolation {unknown}
Potions
 b - a potion of magic
 e - a potion of mutation {unknown}
 f - 2 potions of curing {unknown}
 g - a potion of degeneration {unknown}
 p - a potion of heal wounds {unknown}


   Skills:
 * Level 1.8 Fighting
 + Level 0.5 Short Blades
 * Level 2.8 Dodging
 + Level 2.5 Stealth
 + Level 2.5 Spellcasting
 * Level 3.9 Conjurations
 * Level 6.0 Air Magic


You had 4 spell levels left.
You knew the following spells:

 Your Spells              Type           Power      Damage    Failure   Level
a - Shock                 Conj/Air       76%        1d7       2%          1
b - Static Discharge      Conj/Air       38%        2-4/arc   3%          2
c - Swiftness             Air            22%        N/A       4%          3

Your spell library contained the following spells:

 Spells                   Type           Power      Damage    Failure   Level
 Airstrike                Air            11%        2d(2-18)  16%         4


Dungeon Overview and Level Annotations

Branches:
Dungeon (3/15)

Altars:
Cheibriados
Gozag

Shops:
D:3 (


Innate Abilities, Weirdness & Mutations

You have a beak for a mouth.
You have claws for feet.
Your magical nature helps you evade attacks. (EV +4)


Message History

The zap hits the rat!
You kill the rat!
The zap hits the giant cockroach.
You kill the giant cockroach!
The zap hits the river rat.
The river rat is heavily wounded.
The zap hits the worm.
The worm is moderately wounded.
Unknown command.
Casting: Shock (safe; 2% risk of failure)
Confirm with . or Enter, or press ? or * to list all spells.
Aiming: Shock (safe; 2% risk of failure)
Press: ? - help, Shift-Dir - straight line, f - river rat
Aim: a river rat (heavily wounded, 68% to hit)
The zap hits the river rat.
The river rat is almost dead.
The zap hits the worm.
The worm is heavily wounded.
Casting: Shock (safe; 2% risk of failure)
Confirm with . or Enter, or press ? or * to list all spells.
Aiming: Shock (safe; 2% risk of failure)
Press: ? - help, Shift-Dir - straight line, f/p - river rat
Aim: a river rat (almost dead, 68% to hit)
The zap hits the river rat but does no damage.
The river rat is almost dead.
The zap misses the worm.
The river rat misses you.
Unknown command.
Casting: Shock (safe; 2% risk of failure)
Confirm with . or Enter, or press ? or * to list all spells.
Aiming: Shock (safe; 2% risk of failure)
Press: ? - help, Shift-Dir - straight line, f/p - river rat
Aim: a river rat (almost dead, 68% to hit)
The zap hits the river rat but does no damage.
The river rat is almost dead.
The zap hits the worm.
The worm is severely wounded.
The zap hits the rat.
You kill the rat!
The river rat bites you!
You die...

~~S.# ~~..#
###++r...###
#~~~~~~...^#
#..~B~...#.#
#~w..!...#.#
#........#.#
#.†#######.#
##..wr@....#
#########.#
#.# #.# #.#
#.# #.# #.#
#.#


You could see a worm and a river rat.

Vanquished Creatures
  A sleepcap (D:3)
  A hound (D:3)
  Terence (D:2)
  3 gnolls (D:2)
  7 adders
  A worm (D:2)
  A dart slug (D:1)
  5 orcs (D:3)
  4 bats
  An endoplasm (D:2)
  4 giant cockroaches
  2 goblins (D:2)
  4 hobgoblins
  A kobold (D:1)
  5 quokkas
  6 ball pythons
  5 frilled lizards
  7 rats
59 creatures vanquished.

Notes
Turn   | Place    | Note
-------+----------+-------------------------------------------
     0 | D:1      | Ekaitz the Tengu Air Elementalist began the quest for the
                  | Orb.
     0 | D:1      | Reached XP level 1. HP: 10/10 MP: 4/4
   309 | D:1      | Reached XP level 2. HP: 16/16 MP: 4/6
   312 | D:1      | Learned a level 2 spell: Static Discharge
  1086 | D:2      | Reached XP level 3. HP: 16/20 MP: 3/7
  1090 | D:2      | Learned a level 3 spell: Swiftness
  1161 | D:2      | Reached skill level 5 in Air Magic
  1287 | D:2      | Reached skill level 1 in Fighting
  1466 | D:2      | Reached XP level 4. HP: 23/25 MP: 4/8
  1656 | D:2      | Noticed Terence
  1663 | D:2      | Killed Terence
  1872 | D:2      | Found a faded altar of an unknown god.
  1887 | D:2      | Reached XP level 5. HP: 29/29 MP: 4/9
  2568 | D:3      | Found a snail-covered altar of Cheibriados.
  2570 | D:3      | Found an opulent altar of Gozag.
  2629 | D:3      | Found Ynagoxoa's Weapon Shoppe.
  2629 | D:3      | Noticed a +0 triple sword
  2629 | D:3      | Noticed a +0 triple crossbow
  2735 | D:3      | Found the +0 mask of the Dragon {Will+ Slay+3 SInv}
  2739 | D:3      | Reached skill level 6 in Air Magic
  2739 | D:3      | Reached XP level 6. HP: 6/35 MP: 0/10
  2825 | D:3      | Slain by a river rat

Illustrated notes

Levels and vault maps discovered:
D:1:      evilmike_arrival_rings, layout_basic, minmay_tetromino_l2
D:2:      layout_loops_ring, nicolae_ecumenical_snake_handling, uniq_terence
D:3:      layout_rooms, grunt_temple_overflow_open, serial_shops,
          nicolae_shop_mannequins, portal_sewer_entry_e, hellmonk_no_cap

Skill      XL: |  1  2  3  4  5 |
---------------+----------------+-----
Conjurations   | 2 3 |  3.9
Air Magic      | 5 6 |  6.0
Fighting       | 1 |  1.8
Short Blades   | |  0.5
Dodging        | |  2.8
Stealth        | |  2.5
Spellcasting   | |  2.5

Action                     |  1- 3 |  4- 6 || total
---------------------------+-------+-------++-------
  Melee: Short sword       |    11 |    35 ||    46
         Kick              |     3 |    11 ||    14
         Peck              |     2 |     4 ||     6
   Cast: Shock             |    52 |    54 ||   106
         Static Discharge  |     2 |    14 ||    16
   Stab: Sleeping          |     5 |     4 ||     9
 Armour: Robe              |     1 |     9 ||    10
  Dodge: Dodged            |    24 |    53 ||    77

Table legend: (Time is in decaauts)
 A = Elapsed time spent in this place.
 B = Non-inter-level travel time spent in this place.
 C = Inter-level travel time spent in this place.
 D = Time resting spent in this place.
 E = Time spent auto-exploring this place.
 F = Levels seen in this place.
 G = Mean time per level.
                   A        B        C        D        E       F      G
               +--------+--------+--------+--------+--------+-----+--------+
         Total |   2823 |   2737 |     86 |      0 |   2239 |   3 |  941.0 |
       Dungeon |   2823 |   2737 |     86 |      0 |   2239 |   3 |  941.0 |
               +--------+--------+--------+--------+--------+-----+--------+

Top non-repeatable levels by time:
     D:2: 1406 daAuts
     D:1: 1078 daAuts
     D:3: 337 daAuts
